 Dungeon Crawl Stone Soup version 0.23.2-30-g0e89c35649 (webtiles) character file.

Game seed: 16864290967041555006

387 Masnef the Insei (level 6, 0/48 HPs)
             Began as a Draconian Transmuter on June 24, 2019.
             Succumbed to an orc wizard's poison
             ... on level 5 of the Dungeon.
             The game lasted 00:06:08 (3427 turns).

Masnef the Insei (Draconian Transmuter)             Turns: 3427, Time: 00:06:09

Health: 0/48       AC:  7    Str: 12    XL:     6   Next: 49%
Magic:  9/9        EV: 15    Int: 14    God:
Gold:   219        SH:  0    Dex: 16    Spells: 3/9 levels left

rFire    . . .     SeeInvis .   s - -3 whip (curse)
rCold    . . .     Gourm    .   (no shield)
rNeg     . . .     Faith    .   (armour unavailable)
rPois    .         Spirit   .   (helmet restricted)
rElec    .         Reflect  .   (no cloak)
rCorr    .         Harm     .   (no gloves)
MR       .....                  k - +0 pair of boots
Stlth    +.........             (no amulet)
HPRegen  0.16/turn              h - +2 ring of evasion
MPRegen  0.11/turn              n - +3 ring of dexterity

@: lethally poisoned (0 -> -24)
A: unfitting armour, cold-blooded, AC +6
a: no special abilities


You were on level 5 of the Dungeon.
You were not hungry.

You visited 1 branch of the dungeon, and saw 5 of its levels.

You collected 219 gold pieces.

Inventory:

Hand Weapons
 s - a cursed -3 whip (weapon)
Missiles
 a - 23 arrows
Armour
 k - a +0 pair of boots (worn)
Jewellery
 h - a +2 ring of evasion (left hand)
 n - a +3 ring of dexterity (right hand)
Wands
 f - a wand of clouds (3)
 i - a wand of random effects (19)
Scrolls
 d - a scroll of identify
Potions
 b - 3 potions of heal wounds
 e - 2 potions of flight
 g - a potion of haste
 j - a potion of degeneration
 m - a potion of magic {unknown}
 o - a potion of lignification
Comestibles
 c - 7 rations
 l - 2 chunks of flesh


   Skills:
 + Level 1.9 Fighting
 + Level 2.3 Dodging
 + Level 6.3 Unarmed Combat
 - Level 2.0 Spellcasting
 * Level 3.5 Transmutations


You had 3 spell levels left.
You knew the following spells:

 Your Spells              Type           Power        Failure   Level  Hunger
a - Beastly Appendage     Tmut           ##....       5%          1    ##.....
b - Sticks to Snakes      Tmut           ##......     9%          2    ###....
c - Spider Form           Tmut/Pois      #.........   34%         3    ####...

Your spell library contained the following spells:

 Spells                   Type           Power        Failure   Level  Hunger
 Magic Dart               Conj           #...         24%         1    ##.....
 Blink                    Tloc           N/A          34%         2    ###....
 Call Imp                 Summ           #.......     34%         2    ###....
 Slow                     Hex            #.......     34%         2    ###....
 Conjure Flame            Conj/Fire      #.......     56%         3    ####...
 Mephitic Cloud           Conj/Pois/Air  #.......     56%         3    ####...
 Ice Form                 Ice/Tmut       #.......     75%         4    #####..
 Blade Hands              Tmut           ##........   83%         5    ######.


Dungeon Overview and Level Annotations

Branches:
Dungeon (5/15)
 Temple: D:4-7

Altars:
Yredelemnul


Innate Abilities, Weirdness & Mutations

Your plain brown scales are hard. (AC +6)
You cannot fit into any form of body armour.
You are cold-blooded and may be slowed by cold attacks.


Message History

The orc wizard hits you but does no damage.
You are more poisoned.
You hit the orc wizard.
The orc wizard is almost dead.
* * * LOW HITPOINT WARNING * * *
You feel very sick. The orc wizard closely misses you.
The orc closely misses you. The orc hits you but does no damage.
You miss the orc wizard.
The orc wizard is almost dead.
* * * LOW HITPOINT WARNING * * *
You feel sick.
The orc wizard mumbles some strange words.
The orc wizard flickers and vanishes!
Deactivating autopickup; reactivate with Ctrl-A.
The orc closely misses you.
Unknown command.
You hit the orc.
The orc is lightly wounded.
You die...

#. #. #
#. #.#.
#.#.###
.?.o.
#o.#
#o@#
####


You could see 3 orcs.

Vanquished Creatures
  Sigmund (D:4)
  A scorpion (D:4)
  2 hounds (D:4)
  3 adders
  An adder skeleton (D:4)
  A worm (D:3)
  6 dart slugs
  2 leopard geckos
  4 orcs
  7 bats
  4 giant cockroaches
  13 hobgoblins
  2 jackals (D:1)
  A quokka (D:3)
  A ball python (D:4)
  4 frilled lizards
  9 goblins
  9 kobolds
  5 rats
76 creatures vanquished.

Vanquished Creatures (collateral kills)
  A dart slug (D:3)
  A giant cockroach (D:3)
2 creatures vanquished.

Grand Total: 78 creatures vanquished

Notes
Turn   | Place    | Note
-------+----------+-------------------------------------------
     0 | D:1      | Masnef the Draconian Transmuter began the quest for the
                  | Orb.
     0 | D:1      | Reached XP level 1. HP: 16/16 MP: 3/3
   699 | D:1      | Reached XP level 2. HP: 23/23 MP: 5/5
   836 | D:1      | Reached skill level 4 in Unarmed Combat
   840 | D:1      | Learned a level 2 spell: Sticks to Snakes
  1153 | D:1      | Reached XP level 3. HP: 21/28 MP: 6/6
  1532 | D:2      | Learned a level 3 spell: Spider Form
  1911 | D:2      | Reached XP level 4. HP: 35/35 MP: 5/7
  2092 | D:3      | Reached skill level 5 in Unarmed Combat
  2775 | D:4      | Noticed Sigmund
  2784 | D:4      | Killed Sigmund
  2784 | D:4      | Reached XP level 5. HP: 30/41 MP: 0/8
  2784 | D:4      | Reached XP level 6. HP: 35/48 MP: 0/9
  3023 | D:4      | Reached skill level 6 in Unarmed Combat
  3228 | D:4      | Found a basalt altar of Yredelemnul.
  3408 | D:5      | Entered Level 5 of the Dungeon
  3426 | D:5      | HP: 2/48 [poisoned by an orc wizard]
  3427 | D:5      | Succumbed to an orc wizard's poison

Skill      XL: |  1  2  3  4  5  6 |
---------------+-------------------+-----
Unarmed Combat | 4 5 6 |  6.3
Dodging        | 2 |  2.3
Transmutations | 3 |  3.5
Fighting       | |  1.9
Spellcasting   | |  2.0

Action                   |  1- 3 |  4- 6 || total
-------------------------+-------+-------++-------
Melee: Unarmed           |   155 |   124 ||   279
       Tailslap          |    12 |    24 ||    36
       Kick              |     6 |     3 ||     9
       Headbutt          |     2 |     5 ||     7
       Punch             |     3 |     2 ||     5
       Whip              |       |    37 ||    37
 Cast: Beastly Appendage |    10 |     8 ||    18
       Sticks to Snakes  |       |     3 ||     3
  Use: Scroll            |       |     9 ||     9
 Stab: Sleeping          |     3 |     1 ||     4
  Eat: Chunk             |     3 |     6 ||     9
Armor: Skin              |    26 |    53 ||    79
Dodge: Dodged            |    86 |   132 ||   218
